 Dungeon Crawl Stone Soup version 0.24-a0-639-gb70a11d811 (webtiles) character file.

Game seed: 8084622615181470378, levelgen mode: deterministic

108 GordonOverkill the Firebug (level 4, -7/33 HPs)
             Began as a Barachi Fire Elementalist on Sept 23, 2019.
             Mangled by a phantom (10 damage)
             ... on level 4 of the Dungeon.
             The game lasted 00:06:09 (2218 turns).

GordonOverkill the Firebug (BaFE)                   Turns: 2218, Time: 00:06:10

Health: -7/33      AC:  2    Str: 13    XL:     4   Next: 87%
Magic:  3/8        EV: 13    Int: 17    God:
Gold:   89         SH:  0    Dex: 12    Spells: 0/8 levels left

rFire    . . .     SeeInvis .   a - +0 hunting sling
rCold    . . .     Gourm    .   (no shield)
rNeg     . . .     Faith    .   f - +0 robe
rPois    .         Spirit   .   (no helmet)
rElec    .         Reflect  .   (no cloak)
rCorr    .         Harm     .   (no gloves)
MR       .....                  (no boots)
Stlth    ++........             (no amulet)
HPRegen  0.11/turn              g - +4 ring of strength
MPRegen  0.11/turn              (no ring)

@: slow
A: +LOS, swims, slowness 1, strong legs 1
a: Hop


You were on level 4 of the Dungeon.
You were hungry.

You visited 1 branch of the dungeon, and saw 4 of its levels.

You collected 89 gold pieces.

Inventory:

Hand Weapons
 a - a +0 hunting sling (weapon)
 b - a +2 dagger of venom
Missiles
 d - 53 stones (quivered)
Armour
 f - a +0 robe (worn)
Jewellery
 g - a +4 ring of strength (left hand)
Scrolls
 e - a scroll of remove curse {unknown}
Potions
 h - a potion of curing {unknown}
 i - a potion of degeneration {unknown}
 j - a potion of magic {unknown}
Comestibles
 c - 2 rations
 k - 7 chunks of flesh


   Skills:
 + Level 2.0 Fighting
 + Level 3.0 Dodging
 - Level 2.0 Stealth
 + Level 2.9 Spellcasting
 + Level 2.2 Conjurations
 + Level 3.9 Fire Magic


You couldn't memorise any spells.
You knew the following spells:

 Your Spells              Type           Power        Failure   Level  Hunger
a - Flame Tongue          Conj/Fire      ##...        4%          1    None
b - Conjure Flame         Conj/Fire      ##......     14%         3    ###....
c - Sticky Flame          Conj/Fire      ##......     43%         4    ####...

Your spell library contained the following spells:

 Spells                   Type           Power        Failure   Level  Hunger
 Throw Flame              Conj/Fire      ##....       8%          2    ##.....
 Inner Flame              Hex/Fire       #.......     24%         3    ###....
 Fireball                 Conj/Fire      ##........   80%         5    ######.


Dungeon Overview and Level Annotations

Branches:
Dungeon (4/15)
 Temple: D:4-7

Altars:
Cheibriados
Uskayaw

Annotations:
D:2 Sigmund


Innate Abilities, Weirdness & Mutations

Shadows flee at your approach. (+LOS)
You can swim through water.
You cover ground slowly.
You can hop short distances.


Message History

Aim: a phantom (lightly damaged)
You shoot a stone. The stone closely misses the phantom.
The phantom blinks!
There is a stone staircase leading down here.
The phantom misses you.
You climb downwards.
The jackal bites you. The jackal barely misses you. The jackal bites you.
The jackal closely misses you. The jackal barely misses you.
The jackal bites you.
* * * LOW HITPOINT WARNING * * *
There is a stone staircase leading up here.
Okay, then.
The phantom hits you.
* * * LOW HITPOINT WARNING * * *
The phantom blinks!
The jackal barely misses you.
Really attack while wielding your +0 hunting sling?
Okay, then.
The jackal misses you.
The jackal bites you but does no damage.
The jackal completely misses you. The phantom hits you!
You die...

#.#..#
#....#######
#..........#
##+###....##
#..........#
#...##...#.#
#...##.....#
#...##..##.####
#..@##........#
#..hWh(.......#
#...h.........#
#..%.)........#
#..............
####..........#
#..........#
#..........#
#..........#


You could see a phantom and 3 jackals.

Vanquished Creatures
  4 adders (D:3)
  A worm (D:2)
  2 dart slugs
  A leopard gecko (D:1)
  An orc (D:2)
  6 bats
  A giant cockroach (D:1)
  6 hobgoblins
  11 jackals
  2 quokkas
  3 frilled lizards (D:2)
  9 goblins
  7 kobolds
  5 rats
59 creatures vanquished.

Notes
Turn   | Place    | Note
-------+----------+-------------------------------------------
     0 | D:1      | GordonOverkill the Barachi Fire Elementalist began the
                  | quest for the Orb.
     0 | D:1      | Reached XP level 1. HP: 13/13 MP: 3/3
   206 | D:1      | Reached XP level 2. HP: 20/20 MP: 1/5
   690 | D:1      | Reached skill level 1 in Fighting
   766 | D:1      | Reached XP level 3. HP: 26/26 MP: 3/6
  1644 | D:2      | Reached XP level 4. HP: 29/32 MP: 2/8
  1784 | D:2      | Noticed Sigmund
  1866 | D:2      | Learned a level 3 spell: Conjure Flame
  1871 | D:2      | Learned a level 4 spell: Sticky Flame
  2013 | D:3      | Noticed a +3 dagger
  2014 | D:3      | Noticed a +0 hand axe
  2016 | D:3      | Found a hide-covered altar of Uskayaw.
  2094 | D:3      | Found a snail-covered altar of Cheibriados.
  2172 | D:3      | You fall into a shaft and drop 1 floor!
  2177 | D:4      | Noticed a phantom
  2218 | D:4      | Mangled by a phantom

Levels and vault maps discovered:
D:1:      minmay_arrival_stone_box, layout_basic
D:2:      layout_loops_cross, nicolae_overflow_hidden_temple,
          chequers_ecumenical_altar_simple, uniq_sigmund
D:3:      layout_loops_ring, grunt_temple_overflow_diamond,
          kennysheep_slug_shrine, dancing_weapons_uskayaw,
          chequers_temple_overflow_statue_of_worship, gammafunk_ghost_icy,
          portal_sewer_entry_e, minivault_27, serial_bayou_crossing
D:4:      layout_basic, first_ration, nemelex_xobeh_ov_fountains_minmay

Skill      XL: |  1  2  3  4 |
---------------+-------------+-----
Stealth        | 2 |  2.0
Fighting       | 1 2 |  2.0
Conjurations   | 2 |  2.2
Dodging        | 3 |  3.0
Spellcasting   | |  2.9
Fire Magic     | |  3.9

Action                   |  1- 3 |  4- 6 || total
-------------------------+-------+-------++-------
Melee: Club              |     1 |       ||     1
 Fire: Hunting sling     |    60 |    20 ||    80
 Cast: Flame Tongue      |    50 |    20 ||    70
       Conjure Flame     |       |     2 ||     2
  Use: Scroll            |       |     2 ||     2
  Eat: Chunk             |     3 |     2 ||     5
Armor: Robe              |     9 |     2 ||    11
Dodge: Dodged            |    38 |    17 ||    55

Table legend:
 A = Non-vault XP
 B = Vault XP
 C = Vault XP percentage of total XP
 D = Non-vault monster count
 E = Vault monster count
 F = Vault count percentage of total count
                 A         B        C        D         E       F
            +---------+---------+-------+---------+---------+-------
      Total |     151 |       4 |   2.6 |      58 |       1 |   1.7
            +---------+---------+-------+---------+---------+-------
        D:1 |      48 |       0 |   0.0 |      27 |       0 |   0.0
        D:2 |      42 |       0 |   0.0 |      23 |       0 |   0.0
        D:3 |      61 |       4 |   6.2 |       8 |       1 |  11.1
            +---------+---------+-------+---------+---------+-------
